 Dungeon Crawl Stone Soup version 0.26.1-2-gb8aa6d0cf2 (webtiles) character file.

Game seed: 16084987568400883517

592 fernweh the Slasher (level 7, -12/55 HPs)
             Began as a Demonspawn Chaos Knight on Mar 11, 2021.
             Was a Plaything of Xom.
             Mangled by an ogre
             ... wielding a +0 giant club
              (22 damage)
             ... on level 4 of the Dungeon.
             The game lasted 00:15:28 (4863 turns).

fernweh the Slasher (Demonspawn Chaos Knight)       Turns: 4863, Time: 00:15:29

Health: -12/55     AC:  7    Str: 14    XL:     7   Next: 16%
Magic:  0/7        EV: 12    Int: 14    God:    Xom [...*..]
Gold:   170        SH:  0    Dex: 10    Spells: 3/7 levels left

rFire    . . .     SeeInvis .   a - +0 falchion (chaos)
rCold    . . .     Faith    .   (no shield)
rNeg     . . .     Spirit   +   b - +2 leather armour
rPois    .         Reflect  .   (helmet restricted)
rElec    .         Harm     .   (no cloak)
rCorr    .         Rampage  .   (no gloves)
Will     .....     Clarity  +   d - +0 pair of boots
Stlth    ++........             (no amulet)
HPRegen  0.18/turn              (no ring)
MPRegen  0.10/turn              (no ring)

@: no status effects
A: horns 1, yellow scales 1, blurry vision 1, clarity, clumsy 1, deformed body,
foul stench 1, magic shield, miasma immunity
a: Renounce Religion


You were on level 4 of the Dungeon.
You worshipped Xom.
You were a favourite toy of Xom.
You visited 1 branch of the dungeon, and saw 4 of its levels.

You collected 170 gold pieces.

Inventory:

Hand Weapons
 a - a +0 falchion of chaos (weapon)
 j - a +1 vorpal mace
 p - a cursed -3 spear
Missiles
 q - 3 boomerangs (quivered)
Armour
 b - a +2 leather armour (worn)
 d - a +0 pair of boots (worn)
Wands
 i - a wand of paralysis (7)
 n - a wand of flame (27)
Scrolls
 e - 7 scrolls of identify
 g - a scroll of remove curse
 m - a scroll of blinking
Potions
 f - 2 potions of lignification
 h - 2 potions of heal wounds {unknown}
 k - a potion of brilliance
 l - a potion of might
 o - 2 potions of curing {unknown}


   Skills:
 + Level 4.3 Fighting
 + Level 5.0 Long Blades
 + Level 3.0 Armour
 + Level 2.9 Dodging
 + Level 2.3 Stealth
 + Level 0.6 Spellcasting
 + Level 0.6 Summonings


You had 3 spell levels left.
You knew the following spells:

 Your Spells              Type           Power        Failure   Level
a - Blink                 Tloc           N/A          45%         2
b - Call Imp              Summ           2%           36%         2

Your spell library contained the following spells:

 Spells                   Type           Power        Failure   Level
 Freeze                   Ice            0%           34%         1
 Magic Dart               Conj           0%           34%         1
 Slow                     Hex            0%           45%         2
 Conjure Flame            Conj/Fire      0%           71%         3
 Frozen Ramparts          Ice            0%           71%         3
 Mephitic Cloud           Conj/Pois/Air  0%           71%         3
 Silence                  Hex/Air        0%           100%        5
 Simulacrum               Ice/Necr       0%           100%        6


Dungeon Overview and Level Annotations

Branches:
Dungeon (4/15)
 Temple: D:4-7

Altars:
Sif Muna
Xom

Annotations:
D:4 Dowan, Duvessa


Innate Abilities, Weirdness & Mutations

You have a pair of small horns on your head.
You are partially covered in yellow scales. (AC +2)
You may emit foul miasma when damaged in melee.
When hurt, damage is shared between your health and your magic reserves.
You are immune to miasma.
Scrolls take you a little longer to read.
You possess an exceptional clarity of mind.
You are clumsy. (Dex -2)
Armour fits poorly on your strangely shaped body.


Message History

You swap places.
A magic dart appears from out of thin air!
The magic dart hits you.
* * * LOW HITPOINT WARNING * * *
You hear some strange, mumbled words.
You feel momentarily confused. Something hits your ogre.
The ogre is no longer charmed.
An orc wizard appears from thin air!
Reactivating autopickup.
The orc wizard gestures at itself while chanting.
The orc wizard flickers and vanishes!
Deactivating autopickup; reactivate with Ctrl-A.
The orc wizard casts a spell at itself.
The orc wizard flickers and vanishes!
You open the door.
Dowan shouts!
You hear an angry hiss.
The ogre hits you with a +0 giant club!!
You die...
Xom bursts into laughter!

#.# #.#........._. #.#.#..[ #.#
#.#.###!.....,,* #.#.#.#.
#.####.#.# ..... ∆,* #.#.#.)<
#......#.# *### * * #{#.###.
#.######.# #.#..... #.# # #'####
#.###### #.# l. ......, #......#
#.# ...)......################.#
#.# ..........'@O...........##.#
#.###....e.....#############....#
..#......Z.######### * *######
..'..........†......,, .....
..#.......S######### ** ** #####
..#....... ..#....... ..#.......
..########


You could see an ogre (strong), Dowan and a howler monkey skeleton (wandering).

Vanquished Creatures
  An ice beast (D:4)
  A black bear (shapeshifter) (D:3)
  A phantom (D:4)
  A howler monkey (D:4)
  An orc priest (D:3)
  Terence (D:2)
  A worker ant (D:4)
  A hound skeleton (D:4)
  Robin (D:3)
  5 adders
  An ooze (D:1)
  2 worms
  A dart slug (D:2)
  3 leopard geckos
  10 orcs
  10 bats
  4 giant cockroaches
  19 goblins
  6 hobgoblins
  4 jackals (D:2)
  9 kobolds
  A quokka (D:4)
  2 ball pythons
  2 frilled lizards
  A jackal skeleton (D:4)
  12 rats
101 creatures vanquished.

Vanquished Creatures (collateral kills)
  Ijyb (D:3)
  An orc wizard (D:3)
  A hobgoblin (D:3)
3 creatures vanquished.

Grand Total: 104 creatures vanquished

Notes
Turn   | Place    | Note
-------+----------+-------------------------------------------
     0 | D:1      | fernweh the Demonspawn Chaos Knight began the quest for the
                  | Orb.
     0 | D:1      | Reached XP level 1. HP: 18/18 MP: 1/1
    63 | D:1      | Reached skill level 3 in Long Blades
    64 | D:1      | Gained mutation: You are immune to miasma. [demonic
                  | ancestry]
    64 | D:1      | Reached XP level 2. HP: 24/24 MP: 2/2
   168 | D:1      | XOM: silly message
   229 | D:1      | Reached skill level 1 in Dodging
   640 | D:1      | Gained mutation: You are partially covered in yellow
                  | scales. (AC +2) [demonic ancestry]
   640 | D:1      | Reached XP level 3. HP: 29/29 MP: 3/3
  1077 | D:2      | XOM: scenery: create altars
  1106 | D:2      | Reached skill level 1 in Stealth
  1253 | D:2      | XOM: divination: magic mapping
  1313 | D:2      | Found a faded altar of an unknown god.
  1340 | D:2      | Noticed Terence
  1350 | D:2      | XOM: scenery: summon butterflies
  1353 | D:2      | Killed Terence
  1354 | D:2      | Gained mutation: When hurt, damage is shared between your
                  | health and your magic reserves. [demonic ancestry]
  1354 | D:2      | Reached XP level 4. HP: 8/35 MP: 4/4
  1689 | D:2      | XOM: summons 3 hostile demons
  1988 | D:2      | XOM: give mutations
  1988 | D:2      | Gained mutation: You are clumsy. (Dex -2) [Xom's mischief]
  1988 | D:2      | Gained mutation: Scrolls take you a little longer to read.
                  | [Xom's mischief]
  1988 | D:2      | Gained mutation: Armour fits poorly on your strangely
                  | shaped body. [Xom's mischief]
  2315 | D:3      | Noticed a shapeshifter
  2315 | D:3      | XOM: polymorph something unseen -> shapeshifter
  2315 | D:3      | Noticed a basilisk
  2315 | D:3      | a shapeshifter changed into a basilisk
  2361 | D:3      | Noticed Robin
  2608 | D:2      | XOM: give mutation
  2608 | D:2      | Gained mutation: You possess an exceptional clarity of
                  | mind. [Xom's grace]
  2663 | D:3      | Noticed a black bear
  2663 | D:3      | XOM: summons friendly ufetubus
  2670 | D:3      | Reached skill level 4 in Long Blades
  2670 | D:3      | Gained mutation: You have a pair of small horns on your
                  | head. [demonic ancestry]
  2670 | D:3      | Reached XP level 5. HP: 22/41 MP: 3/5
  2673 | D:3      | Killed a black bear
  2728 | D:3      | Paralysed by a hobgoblin for 6 turns
  3232 | D:3      | XOM: confuse monster(s)
  3252 | D:3      | Killed Robin
  3514 | D:3      | Noticed Ijyb
  3524 | D:3      | XOM: summons friendly white imp
  3527 | D:3      | XOM: divination: detect creatures
  3531 | D:3      | Killed Ijyb
  3532 | D:3      | Reached XP level 6. HP: 9/48 MP: 2/6
  3627 | D:3      | Identified Xoeh's Almanac of Cold and Malediction (Xom
                  | gifted it to you on level 3 of the Dungeon)
  3627 | D:3      | XOM: god gift: Xoeh's Almanac of Cold and Malediction
  3803 | D:3      | Found a shimmering blue altar of Sif Muna.
  3860 | D:3      | Learned a level 2 spell: Blink
  3863 | D:3      | Learned a level 2 spell: Call Imp
  4086 | D:3      | XOM: god gift: yellow potion {god gift}
  4360 | D:4      | XOM: divination: detect items
  4388 | D:4      | XOM: enchant monster (good)
  4399 | D:4      | Noticed an ice beast
  4402 | D:4      | XOM: confuse monster(s)
  4417 | D:4      | Killed an ice beast
  4428 | D:4      | XOM: confuse monster(s)
  4474 | D:4      | XOM: 6-stop teleportation journey
  4474 | D:4      | Noticed Dowan
  4476 | D:4      | XOM: silly message
  4480 | D:4      | XOM: enchant monster (bad)
  4482 | D:4      | Noticed Duvessa
  4483 | D:4      | XOM: potion effect (brilliance)
  4508 | D:4      | XOM: summons 2 friendly demons
  4779 | D:4      | XOM: divination: magic mapping
  4814 | D:4      | Reached skill level 5 in Long Blades
  4814 | D:4      | Gained mutation: You may emit foul miasma when damaged in
                  | melee. [demonic ancestry]
  4814 | D:4      | Reached XP level 7. HP: 55/55 MP: 7/7
  4816 | D:4      | XOM: scenery: create altars
  4822 | D:4      | XOM: divination: detect creatures
  4831 | D:4      | XOM: enchant monster (good)
  4863 | D:4      | Mangled by an ogre

Illustrated notes

Levels and vault maps discovered:
D:1:      minmay_arrival_four_houses, layout_loops_ring
D:2:      layout_rooms, chequers_ecumenical_altar_island, st_stairs_14,
          minmay_misc_feat_x, uniq_terence
D:3:      layout_rooms, dk_noncrumbling_3, minmay_fountain_box,
          minmay_crystal_room, led_sif_pool, uniq_ijyb, uniq_robin
D:4:      layout_basic, uniq_duvessa

Skill      XL: |  1  2  3  4  5  6 |
---------------+-------------------+-----
Long Blades    | 3 4 5 |  5.0
Dodging        | 1 2 |  2.9
Armour         | 2 3 |  3.0
Stealth        | 1 2 |  2.3
Fighting       | 4 |  4.3
Spellcasting   | |  0.6
Summonings     | |  0.6

Action                   |  1- 3 |  4- 6 |  7- 9 || total
-------------------------+-------+-------+-------++-------
Melee: Falchion          |   103 |   254 |    13 ||   370
       Headbutt          |       |    21 |     2 ||    23
Throw: Boomerang         |       |     1 |     1 ||     2
 Cast: Call Imp          |       |     2 |       ||     2
  Use: Scroll            |     2 |     6 |       ||     8
       Potion            |     2 |     1 |       ||     3
 Stab: Paralysed         |     4 |       |       ||     4
       Petrifying        |       |     1 |       ||     1
       Distracted        |       |     1 |       ||     1
Armor: Leather armour    |    36 |   157 |     2 ||   195
       Skin              |    37 |       |       ||    37
Dodge: Dodged            |    57 |   174 |     7 ||   238
       Rpst.: Falchion   |    17 |    62 |     2 ||    81
